 Dungeon Crawl Stone Soup version 0.28-a0-793-g31680bbd8b (webtiles) character file.

Game seed: 9939519349385289690

66 demibob the Ruffian (level 4, -3/38 HPs)
             Began as a Ghoul Monk on Nov 4, 2021.
             Slain by Sigmund (8 damage)
             ... on level 2 of the Dungeon.
             The game lasted 00:01:59 (1478 turns).

demibob the Ruffian (Ghoul Monk)                    Turns: 1478, Time: 00:02:00

Health: -3/38      AC:  2    Str: 15    XL:     4   Next: 15%
Magic:  3/3        EV: 12    Int:  5    God:
Gold:   58         SH:  0    Dex: 11    Spells: 3/3 levels left

rFire   . . .      SeeInvis .     - Unarmed
rCold   + . .      Faith    .   (no shield)
rNeg    + + +      Spirit   .   a - +0 robe
rPois   ∞          Reflect  .   (no helmet)
rElec   .          Harm     .   (no cloak)
rCorr   .          Rampage  .   (no gloves)
Will    .....                   (no boots)
Stlth   +.........              (no amulet)
HPRegen 0.00/turn               (no ring)
MPRegen 0.08/turn               (no ring)

@: silenced, flying, inhibited regen
A: claws 1, cold resistance 1, negative energy resistance 3, inhibited
regeneration, torment resistance 2
a: no special abilities


You were on level 2 of the Dungeon.
You visited 1 branch of the dungeon, and saw 2 of its levels.

You collected 58 gold pieces.


Innate Abilities, Weirdness & Mutations

You thrive by killing the living.
You are immune to poison.
You have sharp fingernails.
Your flesh is cold resistant. (rC+)
You are immune to negative energy. (rN+++)
You do not regenerate when monsters are visible.
You are immune to unholy pain and torment.


   Skills:
 - Level 3.2 Fighting
 - Level 2.6 Dodging
 - Level 2.1 Stealth
 + Level 5.4 Unarmed Combat


You had 3 spell levels left.
You didn't know any spells.
Your spell library was empty.

Inventory:

Armour
 a - a +0 robe (worn)
Jewellery
 d - an amulet of faith {!P}
 C - a ring of ice
Scrolls
 g - a scroll of teleportation {unknown}
Potions
 c - a potion of brilliance

Dungeon Overview and Level Annotations

Branches:
Dungeon (2/15)

Altars:

Annotations:
D:2 Sigmund

#............### #.†...
#......####### ##...#
#......# #...#
#......#### #...#
#.........# #...#
######....# #...# #)...#
##### #######....# #
.......@...# #
.......@...# ###### #
............#####....# #
.....................# #
............####.....###
.....#+#....#..........#
..... ....#..........#
..... ....#..........#
#...........


You could see Sigmund.


Message History

You closely miss Sigmund. Sigmund hits you with a +0 scythe!
You barely miss Sigmund. Sigmund hits you with a +0 scythe!
* * * LOW HITPOINT WARNING * * *
You scratch Sigmund.
Sigmund is lightly wounded.
You barely miss Sigmund.
Sigmund is lightly wounded.
Sigmund hits you with a +0 scythe.
* * * LOW HITPOINT WARNING * * *
You closely miss Sigmund.
Sigmund is lightly wounded.
You barely miss Sigmund.
Sigmund is lightly wounded.
Sigmund hits you with a +0 scythe.
* * * LOW HITPOINT WARNING * * *
You barely miss Sigmund.
Sigmund is lightly wounded.
Sigmund casts a spell at you. You resist with some effort.
You closely miss Sigmund.
Sigmund is lightly wounded.
Sigmund hits you with a +0 scythe.
* * * LOW HITPOINT WARNING * * *
As you read the scroll labelled CIENOR XADEUC, it crumbles to dust.
A profound silence engulfs you.
It was a scroll of silence.
Okay, then.
You scratch Sigmund.
Sigmund is moderately wounded.
Sigmund hits you with a +0 scythe!
You die...

Skill      XL: |  1  2  3 |
---------------+----------+-----
Unarmed Combat | 4 5 |  5.4
Fighting       | |  3.2
Dodging        | |  2.6
Stealth        | |  2.1

Action                   |  1- 3 |  4- 6 || total
-------------------------+-------+-------++-------
Melee: Unarmed           |    75 |    27 ||   102
  Use: Potion            |       |     5 ||     5
       Scroll            |       |     2 ||     2
 Stab: Sleeping          |     3 |     1 ||     4
Armor: Robe              |     4 |     3 ||     7
Dodge: Dodged            |    34 |     9 ||    43

Levels and vault maps discovered:
D:1:      doesnt_arrival_eight_statues, layout_loops_ring,
          shapermc_ecumenical_altar_mp_ritualfount
D:2:      layout_basic, serial_shops, nicolae_shop_behind_doors, uniq_jessica,
          uniq_sigmund

Notes
Turn   | Place    | Note
-------+----------+-------------------------------------------
     0 | D:1      | demibob the Ghoul Monk began the quest for the Orb.
     0 | D:1      | Reached XP level 1. HP: 19/19 MP: 0/0
   189 | D:1      | Reached XP level 2. HP: 21/26 MP: 1/1
   274 | D:1      | Reached skill level 4 in Unarmed Combat
   327 | D:1      | Found a faded altar of an unknown god.
   971 | D:2      | Reached XP level 3. HP: 29/31 MP: 2/2
  1065 | D:2      | Noticed Jessica
  1072 | D:2      | Killed Jessica
  1073 | D:2      | Reached skill level 5 in Unarmed Combat
  1118 | D:2      | Reached XP level 4. HP: 31/38 MP: 3/3
  1460 | D:2      | Noticed Sigmund
  1478 | D:2      | Slain by Sigmund

Vanquished Creatures
  Jessica (D:2)
  A dart slug (D:1)
  2 bats
  4 endoplasms
  2 giant cockroaches
  3 goblins
  3 hobgoblins (D:2)
  2 quokkas
  6 ball pythons
  4 frilled lizards (D:1)
  6 kobolds
  3 rats
37 creatures vanquished.

Table legend: (Time is in decaauts)
 A = Elapsed time spent in this place.
 B = Non-inter-level travel time spent in this place.
 C = Inter-level travel time spent in this place.
 D = Time resting spent in this place.
 E = Time spent auto-exploring this place.
 F = Levels seen in this place.
 G = Mean time per level.
                   A        B        C        D        E       F      G
               +--------+--------+--------+--------+--------+-----+--------+
         Total |   1468 |   1404 |     64 |      0 |   1130 |   2 |  734.0 |
       Dungeon |   1468 |   1404 |     64 |      0 |   1130 |   2 |  734.0 |
               +--------+--------+--------+--------+--------+-----+--------+

Top non-repeatable levels by time:
     D:1: 889 daAuts
     D:2: 579 daAuts

Table legend:
 A = Non-vault XP
 B = Vault XP
 C = Vault XP percentage of total XP
 D = Non-vault monster count
 E = Vault monster count
 F = Vault count percentage of total count
                 A         B        C        D         E       F
            +---------+---------+-------+---------+---------+-------
      Total |      58 |      37 |  38.9 |      36 |       1 |   2.7
            +---------+---------+-------+---------+---------+-------
        D:1 |      27 |       0 |   0.0 |      17 |       0 |   0.0
        D:2 |      31 |      37 |  54.4 |      19 |       1 |   5.0
            +---------+---------+-------+---------+---------+-------
